 Dungeon Crawl Stone Soup version 0.20-a0-1058-g0491fde (webtiles) character file.

584572 Klosterheim the Impregnable (level 27, -5/165 HPs)
             Began as a Gargoyle Berserker on Apr 21, 2017.
             Was the Champion of Trog.
             Killed from afar by a starcursed mass (10 damage)
             ... with an accursed screaming
             ... on level 4 of the Abyss on Apr 26, 2017.
             The game lasted 03:06:14 (62029 turns).

Klosterheim the Impregnable (Gargoyle Berserker)   Turns: 62029, Time: 03:06:15

Health: -5/165     AC: 63    Str: 20    XL:     27
Magic:  18/18      EV: 18    Int: 11    God:    Trog [******]
Gold:   3996       SH:  0    Dex: 23    Spells: 26/26 levels left

rFire    + + +     SeeInvis +   N - +9 demon whip (elec)
rCold    + + +     Gourm    .   S - +3 shield {reflect}
rNeg     + + +     Faith    .   V - +5 gold dragon scales
rPois    ∞         Spirit   .   G - +2 helmet
rElec    +         Reflect  +   l - +1 cloak
rCorr    .         Harm     .   y - +2 pair of gloves of Coronation {SInv}
MR       ++...     Rnd*Rage +   W - +0 pair of boots of the Orb {+Fly rC+ rN+ Stlth-} Stlth ..........Rnd*Tele +
                                o - amulet of Tumiann {Reflect *Contam rC++ Dex+7 SH+2}
Regen    0.0/turn               M - ring of Pivadei {+Blink +Inv rF+++ rN+ MP-9}
MPRegen  0.2/turn               J - ring of Juhoutup {+Fly rC+ rN+ Slay+3}

@: confused, flying, slowed, very slow
A: big wings, [berserk 2], [blurry vision 3], [deterioration 1], [frail 1], [low
mp 2], negative energy resistance 1, [screaming 2], electricity resistance,
inhibited regeneration, [teleportitis 1], [weak 2], unbreathing, petrification
resistance, [no potion heal 3], rot immunity, [MP-powered wands], AC +20
}: 2/15 runes: barnacled, gossamer
a: Stop Flying, Berserk, Trog's Hand, Brothers in Arms, Burn Spellbooks,
Renounce Religion, Evoke Blink, Evoke Invisibility


You were on level 4 of the Abyss.
You worshipped Trog.
Trog was exalted by your worship.
You were not hungry.

You visited 9 branches of the dungeon, and saw 47 of its levels.
You visited the Abyss 3 times.
You visited 2 bazaars.
You visited 1 ziggurat, and saw 10 of its levels.

You collected 7066 gold pieces.
You spent 3070 gold pieces at shops.

Inventory:

Hand Weapons
 m - the +6 demon whip of Qoekothu {vamp, rPois Stlth+}
   (You found it on level 5 of a ziggurat)

   It inflicts no extra harm, but heals its wielder when it wounds a living foe.
   It protects you from poison.
   It makes you more stealthy.
 L - a +5 antimagic eveningstar
 N - a +9 demon whip of electrocution (weapon)
Armour
 l - a +1 cloak (worn)
 y - the +2 pair of gloves of Coronation (worn) {SInv}
   (You found it on level 2 of the Depths)

   It lets you see invisible.
 G - a +2 helmet (worn)
 S - a +3 shield of reflection (worn)
 V - +5 gold dragon scales (worn)
 W - the +0 pair of boots of the Orb (worn) {+Fly rC+ rN+ Stlth-}
   (You found it on level 3 of the Elven Halls)

   It protects you from cold.
   It protects you from negative energy.
   It lets you fly.
   It makes you less stealthy.
Jewellery
 o - the amulet of Tumiann (around neck) {Reflect *Contam rC++ Dex+7 SH+2}
   (You found it on level 5 of a ziggurat)

   [amulet of reflection]

   It shields you and reflects attacks.
   It affects your dexterity (+7).
   It greatly protects you from cold.
   It causes magical contamination when unequipped.
   It affects your SH (+2).
 x - an uncursed ring of protection from magic
 J - the ring of Juhoutup (right hand) {+Fly rC+ rN+ Slay+3}
   (You found it on level 3 of the Crypt)

   [ring of positive energy]

   It affects your accuracy and damage with ranged weapons and melee attacks
   (+3).
   It protects you from cold.
   It protects you from negative energy.
   It lets you fly.
 M - the ring of Pivadei (left hand) {+Blink +Inv rF+++ rN+ MP-9}
   (You found it on level 3 of the Crypt)

   [ring of positive energy]

   It renders you almost immune to fire.
   It protects you from negative energy.
   It affects your magic capacity (-9).
   It lets you turn invisible.
   It lets you blink.
Wands
 j - a wand of lightning (6/15)
 z - a wand of digging (11/24)
 K - a wand of iceblast (8/15)
 T - a wand of acid (6/15)
 U - a wand of disintegration (5/24)
Scrolls
 a - 10 scrolls of fog
 p - 26 scrolls of remove curse
 q - 13 scrolls of blinking
 r - 2 scrolls of silence
 s - 7 scrolls of recharging
 A - 11 scrolls of teleportation
 C - 6 scrolls of identify
 H - 3 scrolls of summoning
 O - 4 scrolls of fear
 P - 2 scrolls of holy word
 R - 3 scrolls of brand weapon
 X - 3 scrolls of magic mapping
Potions
 e - a potion of cancellation
 f - 6 potions of might
 h - 9 potions of heal wounds
 i - 7 potions of haste
 k - 8 potions of invisibility
 n - 4 potions of agility
 u - 9 potions of lignification
 v - 5 potions of ambrosia
 w - 16 potions of curing
 F - 8 potions of mutation
 Q - 3 potions of resistance
Miscellaneous
 d - a phial of floods
 t - a sack of spiders
 I - 4 boxes of beasts
 Y - a lamp of fire
 Z - a lightning rod (1/4)
Comestibles
 b - a chunk of flesh
 c - 12 bread rations
 g - 25 meat rations
 E - 23 royal jellies


   Skills:
 - Level 22.2 Fighting
 - Level 13.1 Maces & Flails
 - Level 22.4 Armour
 * Level 22.0 Dodging
 - Level 20.1 Shields
 - Level 15.4 Evocations


You had 26 spell levels left.
You didn't know any spells.

Dungeon Overview and Level Annotations

Branches:
Dungeon (15/15)            Temple (0/1) D:6            Lair (6/6) D:9
 Shoals (4/4) Lair:3       Spider (4/4) Lair:3        Slime (0/5) Lair:6
    Orc (2/2) D:9             Elf (3/3) Orc:2        Vaults (5/5) D:14
  Crypt (3/3) Vaults:2       Tomb (0/3) Crypt:3      Depths (5/5) D:15
    Zot (0/5) Depths:5

Altars:
Cheibriados
Dithmenos
Hepliaklqana
Makhleb
Ru
Trog
Wu Jian
Xom
Yredelemnul
Zin
The Shining One
Beogh
Jiyva

Shops:
D:13 :   D:14 *!   Orc:2 ***(   Elf:1 *   Shoals:4 %   Vaults:1 [   Vaults:2 *
Vaults:3 !   Depths:1 }=}

Portals:
Hell: Depths:1 Depths:2 Depths:3 Depths:4 Depths:5
Abyss: Depths:2 Depths:3 Depths:4
Pandemonium: Depths:3

Annotations:
Elf:2 3 runed doors
Elf:3 Asterion


Innate Abilities, Weirdness & Mutations

You are resistant to torment.
Your stone body is resilient. (AC +20)
You are immune to poison.
Your large and strong wings let you fly indefinitely.
You resist negative energy. (rN+)
You are resistant to electric shocks. (rElec)
You can survive without breathing.
You are immune to petrification.
You are immune to rotting.
You do not regenerate when monsters are visible.
[You often lose your temper in combat.]
[Scrolls take you much longer to read.]
[Your body sometimes deteriorates upon taking damage.]
[You are frail. (-10% HP)]
[Your magical capacity is very low. (-20% MP)]
[You sometimes yell uncontrollably at your foes.]
[You are occasionally teleported next to monsters.]
[You are very weak. (Str -4)]
[Potions cannot restore your health.]
[You expend magic power (3 MP) to strengthen your wands.]


Message History

Your system rejects the healing.
You feel invigorated.
The starcursed mass engulfs you but does no damage. x2
A starcursed mass splits.
A chorus of shrieks assaults your mind.
* * * LOW HITPOINT WARNING * * *
The starcursed mass engulfs you but does no damage. x2
You're too confused!
You completely miss the starcursed mass.
A chorus of shrieks assaults your mind.
* * * LOW HITPOINT WARNING * * *
You're too confused to move!
The starcursed mass barely misses you.
The starcursed mass engulfs you but does no damage.
The starcursed mass barely misses you. x2
A large abomination comes into view.
You whack the starcursed mass!
Lightning courses through the starcursed mass!
You destroy the starcursed mass!
Trog accepts your kill. A chorus of shrieks assaults your mind.
You die...

.. #.. ## ....
.##..?..
.#.#....
##...(...#
#.X#.#...
##.#...# ##
#@...#....#
##X...## .
..##.###X##...#.
........X# ..##
.#####.#.# #..
## .# # . .#. #
## ##


You could see 3 starcursed masses and a large abomination.

Vanquished Creatures
  The ghost of DEFE the Archmage, a legendary DEAK of Makhleb (Zig:10)
  2 juggernauts (Zig:7)
  2 ancient liches
  5 golden dragons
  2 bone dragons
  4 profane servitors
  A pandemonium lord (Zig:1)
  Arachne (Spider:4)
  7 liches
  A hellephant (Abyss:4)
  An iron giant (Zig:2)
  A tentacled monstrosity (Vaults:5)
  Rupert (Lair:6)
  A shard shrike skeleton (Crypt:1)
  3 deep elf blademasters
  4 titans
  2 deep elf master archers
  A quicksilver dragon (Vaults:5)
  3 tentacled starspawn
  3 acid blobs (Depths:5)
  Kirke (Lair:5)
  2 krakens
  An Executioner (Abyss:1)
  2 sphinxes (Vaults:5)
  Gastronok (Lair:3)
  Polyphemus (Shoals:2)
  2 ancient champions
  Roxanne (D:15)
  3 shadow dragons
  2 revenants (Crypt:3)
  8 tengu reavers
  A storm dragon (Depths:5)
  A draconian monk (Depths:5)
  7 fire giants
  Donald (Shoals:4)
  4 azure jellies (Depths:5)
  Ilsuiw (Shoals:4)
  13 frost giants
  3 iron dragons
  2 draconian scorchers
  8 ghost moths
  21 vault wardens
  7 emperor scorpions
  A balrug (Depths:5)
  A draconian knight (Zig:6)
  13 deep elf sorcerers
  Louise (Depths:4)
  2 curse skulls (Crypt:2)
  A draconian shifter (Zig:6)
  7 deep elf elementalists
  A draconian stormcaller (Zig:6)
  A blood saint (Zig:5)
  10 ironheart preservers
  18 stone giants
  5 vampire knights
  34 very ugly things
  2 bennus (Zig:9)
  A ghoul (Crypt:3)
  5 entropy weavers
  A caustic shrike skeleton (Depths:2)
  4 war gargoyles
  5 deep elf demonologists
  2 black draconians (Depths:5)
  12 spark wasps
  4 deep elf annihilators
  A yellow draconian (Depths:5)
  A white draconian (Zig:6)
  4 purple draconians
  2 eidola (Crypt:1)
  A red draconian (Depths:5)
  5 merfolk javelineers
  3 mummy priests (Zig:9)
  Josephine (Shoals:1)
  12 deep elf death magi
  A blizzard demon (Abyss:2)
  4 death oozes (Depths:5)
  4 fire dragons
  13 ettins
  6 deep elf high priests
  4 merfolk impalers (Shoals:4)
  27 jiangshi
  12 great orbs of eyes
  8 ice dragons
  16 yaktaur captains
  9 rakshasas
  25 vault guards
  5 spriggan air magi
  Fannar (Lair:3)
  3 merfolk avatars
  2 catoblepae
  2 alligator snapping turtles (Shoals:3)
  5 hydras
  5 merfolk aquamancers
  10 ogre magi
  9 centaur warriors
  31 two-headed ogres
  12 death knights
  A two-headed ogre (shapeshifter) (Vaults:5)
  11 dancing weapons
  10 death yaks
  11 vampire magi
  A death scarab (Zig:9)
  7 deep troll earth magi
  A hell hog (Abyss:4)
  The ghost of anet the Jinx, a journeyman DEWz of Ashenzari (D:12)
  3 orc high priests (Orc:2)
  5 thrashing horrors
  4 deep troll shamans
  6 tengu warriors
  16 deep elf knights
  7 spriggan berserkers
  7 wretched stars
  2 soul eaters
  12 hell knights
  3 sun demons
  A spectral catoblepas (Crypt:3)
  2 salamander mystics (Depths:5)
  13 shadow wraiths
  A sixfirhy (Abyss:2)
  2 spatial maelstroms (Abyss:2)
  23 skeletal warriors
  7 flayed ghosts
  10 unseen horrors
  An anaconda zombie (Crypt:1)
  31 starcursed masses
  A storm dragon skeleton (Abyss:1)
  20 deep trolls
  12 sea snakes
  16 deep elf archers
  An unseen horror (shapeshifter) (Depths:5)
  6 glowing orange brains
  21 phantasmal warriors
  17 large abominations
  A lindwurm (Lair:6)
  A mana viper (shapeshifter) (Vaults:3)
  10 wizards
  9 necromancers
  20 ironbrand convokers
  17 orb spiders
  63 deep elf magi
  24 harpies
  A wolf spider (shapeshifter) (Depths:5)
  8 orc sorcerers
  An oklob plant (Zig:5)
  12 orc knights
  53 ugly things
  A shining eye (shapeshifter) (Elf:1)
  16 manticores
  14 fauns
  4 worldbinders
  27 wolf spiders
  6 salamanders (Depths:5)
  5 moths of wrath
  11 cyclopes
  9 elephants
  3 stone giant zombies
  2 elf zombies
  17 merfolk sirens
  2 stone giant skeletons
  2 ice statues (Depths:2)
  5 black mambas
  17 vault sentinels
  A frost giant skeleton (Crypt:2)
  A fire giant skeleton (Zig:9)
  3 smoke demons
  5 gargoyles
  Maurice (D:9)
  4 water nymphs
  An apocalypse crab (Abyss:1)
  2 centaur skeletons
  An orange demon (Abyss:1)
  3 torpor snails
  A shock serpent skeleton (Crypt:2)
  14 spiny frogs
  2 rime drakes
  A spriggan zombie (Depths:2)
  2 kobold demonologists (D:15)
  3 ice devils (Depths:2)
  2 efreet
  52 yaktaurs
  2 red draconian skeletons (Crypt:1)
  A yaktaur zombie (Vaults:2)
  14 freezing wraiths
  7 komodo dragons
  A catoblepas skeleton (Abyss:1)
  8 demonic crawlers
  A tengu conjurer (Depths:3)
  A harpy zombie (Crypt:2)
  An ancient zyme (Abyss:2)
  A yaktaur skeleton (Vaults:1)
  8 guardian mummies
  9 trolls
  3 polar bears
  The ghost of derval the Magician, a novice DECj (D:5)
  3 hellwings (Abyss:2)
  3 meliai (Abyss:4)
  6 wind drakes
  26 jumping spiders
  A meliai (shapeshifter) (Vaults:4)
  A queen bee (shapeshifter) (Depths:5)
  2 queen bees
  20 merfolk
  2 hornets (shapeshifter)
  A snapping turtle (shapeshifter) (Vaults:1)
  17 raiju
  27 slime creatures
  17 hornets
  6 blink frogs (Lair:3)
  A hippogriff (shapeshifter) (Vaults:4)
  11 dream sheep
  A dream sheep (shapeshifter) (Vaults:1)
  A fire giant simulacrum (Vaults:3)
  A centaur simulacrum (D:13)
  6 hippogriffs
  3 human simulacra
  10 snapping turtles
  A stone giant simulacrum (Vaults:1)
  2 ettin skeletons (Zig:9)
  63 flying skulls
  68 redbacks
  A fire dragon skeleton (Zig:3)
  A spriggan (shapeshifter) (Vaults:1)
  An ushabti (Zig:9)
  15 air elementals
  2 humans (shapeshifter)
  An ice dragon skeleton (Depths:1)
  5 shadows
  14 wraiths
  5 ynoxinuls
  2 spriggans
  27 tarantellas
  2 wyverns
  17 water elementals
  A guardian serpent skeleton (Crypt:2)
  4 hogs (Lair:5)
  33 yaks
  2 fire elementals
  4 golden eyes (Abyss:2)
  4 neqoxecs
  5 hungry ghosts
  A chaos spawn (Abyss:2)
  14 vampire mosquitoes
  A water nymph zombie (Crypt:2)
  Menkaure (D:6)
  An ogre zombie (Vaults:1)
  A soldier ant (shapeshifter) (Vaults:4)
  A soldier ant (D:8)
  6 wargs
  A hydra simulacrum (Crypt:3)
  4 acid dragons
  2 floating eyes (Depths:3)
  9 hell hounds (Abyss:2)
  Duvessa (D:7)
  A deep troll skeleton (Crypt:1)
  7 porcupines
  8 water moccasins
  36 orc warriors
  A water nymph skeleton (Crypt:2)
  8 ice beasts
  3 sky beasts
  A hornet zombie (Crypt:2)
  23 ogres
  An ettin simulacrum (Vaults:3)
  2 black bears (D:7)
  A blink frog zombie (Crypt:1)
  4 phantoms
  4 necrophages (Crypt:3)
  6 boggarts
  15 wolves
  A rime drake zombie (Crypt:1)
  14 centaurs
  A manticore skeleton (Crypt:2)
  17 crocodiles
  18 small abominations
  2 big kobolds (shapeshifter)
  5 big kobolds
  2 human zombies (Vaults:4)
  A gnoll sergeant (D:13)
  2 wyvern zombies
  13 bullfrogs
  Dowan (D:7)
  2 human skeletons
  A glowing shapeshifter simulacrum (Vaults:4)
  3 earth elementals
  A cyclops skeleton (Crypt:1)
  2 wyvern skeletons
  3 scorpions
  23 killer bees
  4 howler monkeys
  23 wights
  2 electric eels (Spider:4)
  6 crimson imps
  4 quasits
  4 centaur zombies
  7 hounds
  12 jellies
  20 orc priests
  4 iron imps
  34 orc wizards
  2 bullfrog skeletons
  2 gnoll shamans
  8 hell rats (Lair:3)
  3 iguanas
  14 worker ants
  2 yak simulacra (D:15)
  A polar bear simulacrum (D:15)
  7 wolf simulacra (D:15)
  A felid zombie (Crypt:1)
  A naga zombie (Crypt:1)
  A bullfrog simulacrum (D:13)
  8 mummies
  A howler monkey zombie (D:6)
  2 worker ant zombies (D:5)
  19 gnolls
  11 adders
  9 river rats (Lair:3)
  3 white imps
  3 ufetubi
  An adder zombie (D:5)
  2 oozes (D:1)
  5 worms
  2 dart slugs
  6 leopard geckos
  98 orcs
  5 giant cockroaches
  4 goblins
  7 hobgoblins
  6 jackals
  23 kobolds
  3 quokkas
  6 bats
  6 frilled lizards
  A jackal skeleton (D:4)
  A leopard gecko zombie (Crypt:1)
  3 rats
  A river rat simulacrum (D:15)
  A spectral orc (Crypt:3)
  A crawling corpse (Depths:5)
  A fire vortex (Zig:10)
  A fungus (Lair:6)
  2 plants
  A starspawn tentacle (Abyss:1)
  A tentacle (Shoals:4)
2453 creatures vanquished.

Vanquished Creatures (collateral kills)
  An ancient lich (Depths:2)
  A lich (Depths:2)
  Agnes (Spider:2)
  A frost giant (Depths:2)
  An ironheart preserver (Vaults:3)
  3 very ugly things (Depths:3)
  A stone giant (Vaults:3)
  A blizzard demon (Depths:2)
  A deep elf death mage (Elf:1)
  A jiangshi (Depths:3)
  A vault guard (Vaults:3)
  A rakshasa (Vaults:3)
  3 death yaks (Shoals:2)
  A spriggan berserker (Depths:1)
  3 deep trolls (Depths:1)
  3 wizards (Depths:2)
  A deep elf mage (Elf:1)
  An ugly thing (Depths:3)
  2 elephants (Lair:6)
  A large abomination (Abyss:2)
  A merfolk siren (Shoals:2)
  2 demonic crawlers (Spider:2)
  An ice devil (Depths:2)
  A hellwing (Abyss:2)
  A jumping spider (Spider:2)
  2 dream sheep (Lair:6)
  A hornet (Spider:4)
  2 redbacks
  A water elemental (Elf:1)
  2 crocodiles (Lair:6)
  3 starcursed masses (Abyss:2)
  An iron imp (Abyss:2)
  2 ufetubi
  An orc (D:8)
50 creatures vanquished.

Vanquished Creatures (others)
  A quicksilver dragon (Vaults:5)
  A deep elf sorcerer (Vaults:5)
  A yaktaur captain (Depths:4)
  3 vault guards
  2 centaur warriors
  A satyr (Shoals:3)
  An ogre mage (Zig:5)
  A hell hog (Abyss:4)
  A deep elf knight (Zig:8)
  3 deep elf archers
  A deep elf mage (Zig:8)
  A cyclops (Shoals:3)
  18 yaktaurs
  A merfolk (Shoals:2)
  A jumping spider (Spider:4)
  A hippogriff (Lair:3)
  A flying skull (Abyss:4)
  2 humans
  A large abomination (Abyss:2)
  A soldier ant (shapeshifter) (Zig:8)
  2 water moccasins
  An ogre (Vaults:3)
  A boggart (Vaults:1)
  3 centaurs
  2 small abominations
  2 orcs
  2 bushes (Lair:6)
  5 fungi
  A lurking horror (Abyss:1)
  6 plants (Lair:6)
  8 starspawn tentacles
  8 tentacles
84 creatures vanquished.

Grand Total: 2587 creatures vanquished

Notes
Turn   | Place    | Note
-------+----------+-------------------------------------------
     0 | D:1      | Klosterheim the Gargoyle Berserker began the quest for the Orb.
     0 | D:1      | Reached XP level 1. HP: 14/14 MP: 1/1
   127 | D:1      | Reached XP level 2. HP: 19/19 MP: 2/2
   438 | D:1      | Reached XP level 3. HP: 12/23 MP: 3/3
  1116 | D:2      | Found a glowing silver altar of Zin.
  1273 | D:2      | Reached ** piety under Trog
  1442 | D:2      | Found a burning altar of Makhleb.
  1867 | D:3      | Found a hazy altar of Hepliaklqana.
  2078 | D:3      | Reached XP level 4. HP: 29/29 MP: 4/4
  2506 | D:3      | Reached skill level 5 in Maces & Flails
  2506 | D:3      | Reached XP level 5. HP: 33/33 MP: 5/5
  3108 | D:4      | Reached XP level 6. HP: 40/40 MP: 6/6
  3113 | D:4      | Reached skill level 5 in Fighting
  3640 | D:5      | Entered Level 5 of the Dungeon
  3734 | D:5      | Noticed derval's ghost (novice DECj)
  3750 | D:5      | Killed derval's ghost
  3750 | D:5      | Reached XP level 7. HP: 43/45 MP: 7/7
  3959 | D:5      | Reached *** piety under Trog
  4051 | D:5      | Reached XP level 8. HP: 51/51 MP: 8/8
  4399 | D:6      | Found a glowing golden altar of the Shining One.
  4643 | D:6      | Reached skill level 5 in Armour
  4770 | D:6      | Noticed Menkaure
  4778 | D:6      | Killed Menkaure
  4822 | D:6      | Found a staircase to the Ecumenical Temple.
  4945 | D:6      | Reached XP level 9. HP: 55/55 MP: 9/9
  5804 | D:7      | Found an ornate altar of the Wu Jian Council.
  5804 | D:7      | Found a shadowy altar of Dithmenos.
  5832 | D:7      | Found a bloodstained altar of Trog.
  5834 | D:7      | Found a snail-covered altar of Cheibriados.
  5836 | D:7      | Found a sacrificial altar of Ru.
  6182 | D:7      | Reached **** piety under Trog
  6242 | D:7      | Noticed Duvessa
  6249 | D:7      | Killed Duvessa
  6261 | D:7      | Noticed Dowan
  6452 | D:7      | Killed Dowan
  6452 | D:7      | Reached skill level 10 in Maces & Flails
  6568 | D:7      | Reached XP level 10. HP: 49/60 MP: 10/10
  7201 | D:8      | Noticed a two-headed ogre
  7222 | D:8      | Killed a two-headed ogre
  7866 | D:9      | Reached ***** piety under Trog
  7874 | D:9      | Found a roughly hewn altar of Beogh.
  7874 | D:9      | Found a staircase to the Orcish Mines.
  7874 | D:9      | Noticed a two-headed ogre
  7942 | D:9      | Killed a two-headed ogre
  8035 | D:9      | Reached XP level 11. HP: 46/64 MP: 11/11
  8143 | D:9      | Reached skill level 10 in Armour
  8190 | D:9      | Found a staircase to the Lair.
  8556 | D:9      | Noticed Maurice
  8568 | D:9      | Killed Maurice
  8763 | D:10     | Entered Level 10 of the Dungeon
  8892 | D:10     | Killed an unseen horror
  8925 | D:10     | Reached skill level 5 in Dodging
  9085 | D:10     | Identified Vuoly's Guide on Stones and the Birds
  9386 | D:10     | Received a gift from Trog
  9533 | Lair:1   | Entered Level 1 of the Lair of Beasts
  9546 | Lair:1   | Got a twisted leather armour
  9557 | Lair:1   | Identified the +1 leather armour of Pixon {*Drain Regen+ rCorr Str+6} (You found it on level 1 of the Lair of Beasts)
  9992 | Lair:1   | Reached XP level 12. HP: 41/75 MP: 12/12
 10787 | Lair:2   | Noticed a five-headed hydra
 10804 | Lair:2   | Killed a five-headed hydra
 11581 | Lair:3   | Noticed Gastronok
 11596 | Lair:3   | Killed Gastronok
 11814 | Lair:3   | Found a staircase to the Shoals.
 11998 | Lair:3   | Reached skill level 10 in Fighting
 12041 | Lair:3   | Noticed Fannar
 12065 | Lair:3   | Killed Fannar
 12109 | Lair:3   | Reached XP level 13. HP: 80/83 MP: 13/13
 12151 | Lair:3   | Received a gift from Trog
 12152 | Lair:3   | Found a hole to the Spider Nest.
 13268 | Lair:5   | Reached skill level 1 in Evocations
 13555 | Lair:5   | Noticed Kirke
 13585 | Lair:5   | Killed Kirke
 13651 | Lair:5   | Reached skill level 5 in Evocations
 14189 | Lair:6   | Entered Level 6 of the Lair of Beasts
 14276 | Lair:6   | Noticed Rupert
 14292 | Lair:6   | Killed Rupert
 14347 | Lair:6   | Found a staircase to the Slime Pits.
 14432 | Lair:6   | Gained mutation: Your large and strong wings let you fly indefinitely. [Gargoyle growth]
 14432 | Lair:6   | Reached XP level 14. HP: 90/90 MP: 18/20
 14442 | Lair:6   | Received a gift from Trog
 14939 | Lair:6   | Reached skill level 10 in Evocations
 15919 | Orc:1    | Entered Level 1 of the Orcish Mines
 16038 | Orc:2    | Entered Level 2 of the Orcish Mines
 16191 | Orc:2    | Found Esesaluz's General Store.
 16191 | Orc:2    | Found Adoothruo's General Store.
 16308 | Orc:2    | Received a gift from Trog
 16456 | Orc:2    | Found a staircase to the Elven Halls.
 17436 | Orc:2    | Reached ****** piety under Trog
 17471 | Orc:2    | Found Zybaish's Antique Weapon Shoppe.
 17493 | Orc:2    | Reached XP level 15. HP: 78/96 MP: 22/22
 17511 | Orc:2    | Received a gift from Trog
 17512 | Orc:2    | Found Tuor's Assorted Antiques.
 17596 | Orc:2    | Bought an encrusted gold wand for 108 gold pieces
 17596 | Orc:2    | Bought a scroll labeled LOMU YFIVUPTU for 27 gold pieces
 17925 | D:11     | Reached skill level 10 in Dodging
 18595 | D:12     | Noticed anet's ghost (journeyman DEWz)
 18630 | D:12     | Killed anet's ghost
 18756 | D:12     | Received a gift from Trog
 19274 | D:13     | Found Ret Vuav's Book Boutique.
 19474 | D:13     | You are sucked into a shaft!
 19503 | D:14     | Noticed a tengu reaver
 19503 | D:14     | Noticed a frost giant
 19524 | D:14     | Killed a frost giant
 19527 | D:14     | Killed a tengu reaver
 20099 | D:14     | Found a gate to the Vaults.
 20177 | D:14     | Found Zoxan's Distillery.
 20183 | D:14     | Bought 2 potions of might for 104 gold pieces
 20183 | D:14     | Bought a potion of cancellation for 104 gold pieces
 20183 | D:14     | Bought a potion of heal wounds for 65 gold pieces
 20267 | D:14     | Found Gonkuqu's Assorted Antiques.
 20271 | D:14     | Bought a shield for 126 gold pieces
 20271 | D:14     | Bought a forked iron wand for 112 gold pieces
 20438 | D:15     | Entered Level 15 of the Dungeon
 20438 | D:15     | Noticed Roxanne
 20618 | D:15     | Reached skill level 1 in Shields
 20800 | D:15     | Reached XP level 16. HP: 62/104 MP: 23/23
 20856 | D:15     | Found a staircase to the Depths.
 20962 | D:15     | Reached skill level 5 in Shields
 21112 | D:15     | Received a gift from Trog
 21259 | D:15     | Killed Roxanne
 21260 | D:15     | Identified Roxanne's Compendium of Transmutation (You took it off Roxanne on level 15 of the Dungeon)
 22293 | Spider:1 | Entered Level 1 of the Spider Nest
 22580 | Spider:1 | Reached skill level 10 in Shields
 22678 | Spider:1 | Received a gift from Trog
 24348 | Spider:2 | Noticed Agnes
 24362 | Spider:2 | Killed Agnes
 25316 | Spider:2 | Received a gift from Trog
 25348 | Spider:2 | Reached XP level 17. HP: 109/109 MP: 24/24
 26320 | Spider:4 | Entered Level 4 of the Spider Nest
 26470 | Spider:4 | Noticed Arachne
 26487 | Spider:4 | Killed Arachne
 26742 | Spider:4 | Identified a scroll of acquirement
 26882 | Spider:4 | Reached skill level 15 in Shields
 26913 | Spider:4 | Received a gift from Trog
 27698 | Spider:4 | Got a gossamer rune of Zot
 27955 | Shoals:1 | Entered Level 1 of the Shoals
 28109 | Shoals:1 | Received a gift from Trog
 28366 | Shoals:1 | You are sucked into a shaft!
 28571 | Shoals:2 | Reached XP level 18. HP: 89/115 MP: 25/25
 28742 | Shoals:2 | Noticed Polyphemus
 28756 | Shoals:2 | Killed Polyphemus
 29365 | Shoals:1 | Received a gift from Trog
 29469 | Shoals:1 | Noticed Josephine
 29492 | Shoals:1 | Killed Josephine
 30671 | Shoals:3 | Received a gift from Trog
 31155 | Shoals:4 | Entered Level 4 of the Shoals
 31449 | Shoals:4 | Noticed Ilsuiw
 31458 | Shoals:4 | Killed Ilsuiw
 31464 | Shoals:4 | Reached skill level 15 in Armour
 31783 | Shoals:4 | Found Odeane's Food Shop.
 31879 | Shoals:4 | Noticed Donald
 31892 | Shoals:4 | Killed Donald
 31989 | Shoals:4 | Reached XP level 19. HP: 116/122 MP: 26/26
 32175 | Shoals:4 | Got a barnacled rune of Zot
 32303 | Shoals:4 | Got a spiked plate armour
 32304 | Shoals:4 | Identified the +5 plate armour of Articulation {Stlth+} (You found it on level 4 of the Shoals)
 32814 | Depths:1 | Entered Level 1 of the Depths
 32847 | Depths:1 | Received a gift from Trog
 33030 | Depths:1 | Found a gateway to Hell.
 33383 | Depths:1 | Reached skill level 15 in Fighting
 33918 | Depths:1 | Found Aro Woas's Gadget Emporium.
 33918 | Depths:1 | Found Bioraal's Jewellery Shop.
 33919 | Depths:1 | Found Ijisoytu's Gadget Emporium.
 34338 | Elf:1    | Entered Level 1 of the Elven Halls
 34423 | Elf:1    | Received a gift from Trog
 34552 | Elf:1    | Found Licoinag's Assorted Antiques.
 34559 | Elf:1    | Bought a scroll of enchant weapon for 247 gold pieces
 35455 | Elf:2    | Reached XP level 20. HP: 130/131 MP: 27/27
 35501 | Elf:2    | Found a flickering gateway to a bazaar.
 35513 | Bazaar   | Entered a bazaar
 35513 | Bazaar   | Found Leidugach's Magic Scroll Shoppe.
 35513 | Bazaar   | Found Cimos's Magic Scroll Emporium.
 35542 | Bazaar   | Found Daejysatz's Food Shop.
 35554 | Bazaar   | Found Qecetz's Gadget Shop.
 35565 | Bazaar   | Found Igeniv's Armour Boutique.
 35606 | Bazaar   | Bought a scroll of acquirement for 572 gold pieces
 35606 | Bazaar   | Bought a scroll of summoning for 104 gold pieces
 35606 | Bazaar   | Bought a scroll of teleportation for 33 gold pieces
 35606 | Bazaar   | Bought a scroll of teleportation for 33 gold pieces
 35606 | Bazaar   | Bought a scroll of teleportation for 33 gold pieces
 35620 | Bazaar   | Bought a scroll of teleportation for 33 gold pieces
 35620 | Bazaar   | Bought 3 scrolls of teleportation for 99 gold pieces
 35620 | Bazaar   | Bought a scroll of teleportation for 33 gold pieces
 35748 | Elf:2    | Found a runed gate.
 35759 | Elf:2    | Found a runed gate.
 35792 | Elf:2    | Received a gift from Trog
 35911 | Elf:2    | Found a runed gate.
 36389 | Elf:3    | Entered Level 3 of the Elven Halls
 36949 | Elf:3    | Noticed Asterion
 37467 | Elf:3    | Got a bound copper ring
 37589 | Elf:3    | Received a gift from Trog
 37600 | Elf:3    | Got a scintillating lapis lazuli ring
 37669 | Elf:3    | Got a coiled pewter ring
 37722 | Elf:3    | Identified the Incunabulum of Spatial Beguiling
 37744 | Elf:3    | Got a pair of smoking boots
 37749 | Elf:3    | Got an ichor-stained cloak
 37750 | Elf:3    | Identified the +2 cloak "Yzohado" {rPois MR- Int+2 Dex+6} (You found it on level 3 of the Elven Halls)
 37751 | Elf:3    | Identified the +0 pair of boots of the Orb {+Fly rC+ rN+ Stlth-} (You found it on level 3 of the Elven Halls)
 37787 | Elf:3    | Identified the ring "Xozuyjucs" {*Drain rElec rC+ Stlth+} (You took it off a deep elf elementalist on level 3 of the Elven Halls)
 37789 | Elf:3    | Identified the ring "Adwysk" {rPois rF+ rC+ Str+3 Stlth-} (You took it off a deep elf mage on level 3 of the Elven Halls)
 37792 | Elf:3    | Identified the ring "Heylis" {Fire +Blink rElec MR- Int+8} (You took it off a deep elf master archer on level 3 of the Elven Halls)
 38481 | Depths:2 | Found a flickering gateway to a bazaar.
 38600 | Bazaar   | Entered a bazaar
 38600 | Bazaar   | Found Qitodiy's General Store.
 38609 | Bazaar   | Found Mudo Ekh's Magic Scroll Shoppe.
 38621 | Bazaar   | Found Xuyn's Magic Scroll Emporium.
 38655 | Bazaar   | Found Zymaovo's Jewellery Emporium.
 38678 | Bazaar   | Bought a potion of haste for 90 gold pieces
 38678 | Bazaar   | Bought a potion of heal wounds for 45 gold pieces
 38697 | Depths:2 | Received a gift from Trog
 38812 | Depths:2 | Noticed a lich
 38822 | Depths:2 | Killed a lich
 38871 | Depths:2 | Found a one-way gate to the infinite horrors of the Abyss.
 38905 | Depths:2 | Upgraded the game from 0.20-a0-1034-gb277f92 to 0.20-a0-1040-gfd09691
 39119 | Depths:2 | Noticed a lich
 39144 | Depths:2 | Killed a lich
 39347 | Depths:2 | Reached XP level 21. HP: 139/139 MP: 28/28
 39723 | Depths:2 | Got a vibrating platinum ring
 39739 | Depths:2 | Identified the ring "Nieps" {rElec rPois rF++ Int+2} (You took it off a frost giant on level 2 of the Depths)
 39927 | Depths:2 | Noticed an ancient lich
 39938 | Depths:2 | Killed an ancient lich
 39945 | Depths:2 | Got a pair of encrusted gloves
 40021 | Depths:3 | Found a one-way gate leading to the halls of Pandemonium.
 40071 | Depths:3 | Found a gateway to a ziggurat.
 40287 | Depths:3 | Cast into level 4 of the Abyss (a lich)
 40318 | Depths:3 | Escaped the Abyss
 40556 | Depths:3 | Paralysed by a floating eye for 4 turns
 40575 | Depths:3 | Paralysed by a floating eye for 2 turns
 40692 | Depths:3 | Noticed a golden dragon
 40692 | Depths:3 | Noticed a golden dragon
 40746 | Depths:3 | Received a gift from Trog
 40873 | Depths:3 | Identified the +2 pair of gloves of Coronation {SInv} (You found it on level 2 of the Depths)
 41577 | Depths:3 | Killed a golden dragon
 41577 | Depths:3 | Reached XP level 22. HP: 145/145 MP: 32/32
 41905 | Depths:3 | Voluntarily entered the Abyss.
 42176 | Abyss:1  | Paralysed by you for 2 turns
 42567 | Abyss:1  | Reached skill level 15 in Evocations
 42703 | Abyss:1  | Received a gift from Trog
 42724 | Abyss:1  | Noticed a profane servitor
 42751 | Abyss:1  | Killed a profane servitor
 43093 | Abyss:1  | Paralysed by accursed screaming for 1 turns
 43257 | Abyss:1  | Noticed a profane servitor
 43306 | Abyss:1  | Killed a profane servitor
 43678 | Abyss:2  | Found an ornate altar of the Wu Jian Council.
 43833 | Abyss:2  | Noticed a profane servitor
 43857 | Abyss:2  | Killed a profane servitor
 43917 | Abyss:2  | Found an ornate altar of the Wu Jian Council.
 43940 | Abyss:2  | Received a gift from Trog
 44406 | Depths:3 | Escaped the Abyss
 44746 | Depths:4 | Paralysed by a great orb of eyes for 3 turns
 44945 | Depths:4 | Reached XP level 23. HP: 146/152 MP: 34/34
 44959 | Depths:4 | Received a gift from Trog
 46050 | Depths:4 | Noticed Louise
 46068 | Depths:4 | Killed Louise
 46272 | Depths:4 | Reached skill level 15 in Dodging
 46628 | Depths:5 | Entered Level 5 of the Depths
 46629 | Depths:5 | Upgraded the game from 0.20-a0-1040-gfd09691 to 0.20-a0-1058-g0491fde
 46644 | Depths:4 | Received a gift from Trog
 46717 | Depths:5 | Noticed a golden dragon
 46734 | Depths:5 | Killed a golden dragon
 47321 | Depths:5 | Noticed a golden dragon
 47343 | Depths:5 | Killed a golden dragon
 47801 | Depths:5 | Found a shimmering altar of Xom.
 48006 | Depths:5 | Reached XP level 24. HP: 161/161 MP: 34/34
 48160 | Depths:5 | Found a viscous altar of Jiyva.
 48174 | Depths:5 | Received a gift from Trog
 48683 | Depths:5 | Found a gate to the Realm of Zot.
 49330 | Vaults:1 | Entered Level 1 of the Vaults
 49675 | Vaults:1 | Received a gift from Trog
 50046 | Vaults:1 | Found Zapailys's Antique Armour Boutique.
 51108 | Vaults:2 | Received a gift from Trog
 51822 | Vaults:2 | Found Fabatife's Assorted Antiques.
 51846 | Vaults:2 | Reached XP level 25. HP: 156/171 MP: 34/34
 51849 | Vaults:2 | Bought a scroll of blinking for 285 gold pieces
 51849 | Vaults:2 | Bought a potion of agility for 152 gold pieces
 51849 | Vaults:2 | Bought a scroll of enchant armour for 285 gold pieces
 52198 | Vaults:2 | Found a staircase to the Crypt.
 52208 | Crypt:1  | Entered Level 1 of the Crypt
 52325 | Crypt:1  | Received a gift from Trog
 53637 | Crypt:3  | Entered Level 3 of the Crypt
 53915 | Crypt:3  | Found a basalt altar of Yredelemnul.
 53949 | Crypt:3  | Received a gift from Trog
 54046 | Crypt:3  | Got a polished morningstar {god gift}
 54129 | Crypt:3  | Identified the +1 morningstar of Ahasec {crush, SInv} (Trog gifted it to you on level 3 of the Crypt)
 54294 | Crypt:3  | Identified the cursed +1 whip "Coubew" {slash, rF+ Int+3} (You found it on level 3 of the Crypt)
 54634 | Crypt:3  | Got a fine tin ring
 54634 | Crypt:3  | Got a flickering ivory ring
 54645 | Crypt:3  | Identified the ring of Juhoutup {+Fly rC+ rN+ Slay+3} (You found it on level 3 of the Crypt)
 54646 | Crypt:3  | Identified the ring of Pivadei {+Blink +Inv rF+++ rN+ MP-9} (You found it on level 3 of the Crypt)
 54695 | Crypt:3  | Noticed an ancient lich
 54741 | Crypt:3  | Killed an ancient lich
 54764 | Crypt:3  | Received a gift from Trog
 54985 | Crypt:3  | Found a staircase to the Tomb.
 55687 | Zig:1    | Entered Level 1 of a ziggurat
 55687 | Zig:1    | Noticed Needech the pandemonium lord
 55714 | Zig:1    | Killed Needech the pandemonium lord
 55875 | Zig:2    | Entered Level 2 of a ziggurat
 56004 | Zig:3    | Entered Level 3 of a ziggurat
 56151 | Zig:4    | Entered Level 4 of a ziggurat
 56166 | Zig:4    | Reached XP level 26. HP: 173/179 MP: 25/34
 56207 | Zig:5    | Entered Level 5 of a ziggurat
 56215 | Zig:5    | Noticed an ancient lich
 56228 | Zig:5    | Killed an ancient lich
 56410 | Zig:5    | Got a faintly glowing demon whip
 56411 | Zig:5    | Identified the +6 demon whip of Qoekothu {vamp, rPois Stlth+} (You found it on level 5 of a ziggurat)
 56415 | Zig:5    | Got a pitted amethyst amulet
 56417 | Zig:5    | Identified the amulet of Tumiann {Reflect *Contam rC++ Dex+7 SH+2} (You found it on level 5 of a ziggurat)
 56420 | Zig:5    | Received a gift from Trog
 56426 | Zig:6    | Entered Level 6 of a ziggurat
 56540 | Zig:7    | Entered Level 7 of a ziggurat
 56543 | Zig:7    | Noticed a juggernaut
 56544 | Zig:7    | Noticed a juggernaut
 56565 | Zig:7    | Killed a juggernaut
 56585 | Zig:7    | Killed a juggernaut
 56748 | Zig:8    | Entered Level 8 of a ziggurat
 56876 | Zig:9    | Entered Level 9 of a ziggurat
 57205 | Zig:9    | Got a fine bone ring
 57245 | Zig:9    | Identified the ring "Ycugg" {rElec rPois rN+} (You found it on level 9 of a ziggurat)
 57253 | Zig:10   | Entered Level 10 of a ziggurat
 57261 | Zig:10   | Noticed DEFE's ghost (legendary DEAK)
 57305 | Zig:10   | Killed DEFE's ghost
 57445 | Zig:10   | Received a gift from Trog
 58061 | Vaults:3 | Received a gift from Trog
 58873 | Vaults:3 | Reached XP level 27. HP: 184/184 MP: 25/34
 58930 | Vaults:3 | Found Vuffasch's Distillery.
 58942 | Vaults:3 | Bought a potion of heal wounds for 100 gold pieces
 58942 | Vaults:3 | Bought a potion of resistance for 200 gold pieces
 58942 | Vaults:3 | Bought a potion of agility for 80 gold pieces
 59273 | Vaults:3 | Received a gift from Trog
 60549 | Vaults:4 | Received a gift from Trog
 61007 | Vaults:5 | Entered Level 5 of the Vaults
 61718 | Vaults:5 | Received a gift from Trog
 61763 | Vaults:5 | Cast into level 4 of the Abyss (a lich)
 61790 | Abyss:4  | Gained mutation: You do not regenerate when monsters are visible. [a neqoxec]
 62026 | Abyss:4  | HP: 5/165 [starcursed mass/accursed screaming (7)]
 62029 | Abyss:4  | Killed from afar by a starcursed mass

Vault maps used:
D:1:      minmay_arrival_arboretum_small, st_stairs_3
D:2:      lemuel_doored_altar, nicolae_overflow_hidden_temple
D:3:      overflow_temple_1_default, first_bread
D:6:      wad_crossroads, nicolae_overflow_crystal_walls,
          minmay_temple_entry_junction_2, uniq_menkaure
D:7:      minitemple, uniq_duvessa
D:8:      hangedman_pestilent_swarm
D:9:      kennysheep_mini_moat, erik_lair_orcish_takeover, david_orc_5,
          uniq_maurice
D:10:     hangedman_decor_peaks_small, grunt_decor_cap
D:11:     due_unseen_surprise
D:13:     serial_shops, shop, enter_trove_2, serial_ice, serial_ice_a,
          serial_ice_f, serial_ice_h, serial_ice_k, serial_ice_m, serial_ice_g,
          serial_ice_n, serial_ice_c, serial_ice_o, serial_ice_d,
          hangedman_abyss_or_decor_slice, hex_tiny
D:14:     david_vaults_1, serial_park_avenue1, serial_shops, shop_fountains,
          nicolae_shop_crystal, minmay_misc_feat_doors, minmay_radiant
D:15:     grunt_enter_depths_hoard, serial_park_square1, eino_house_with_fridge,
          uniq_roxanne
Lair:1:   serial_bayou_shore_b
Lair:2:   serial_bayou_shore_a
Lair:3:   elwin_shoals_entry_stream, spider_nest_entry_funnel_web,
          kennysheep_rathole, uniq_gastronok, uniq_fannar
Lair:4:   minivault_27, grunt_megastairs_4
Lair:5:   grunt_megastairs_1, uniq_kirke
Lair:6:   grunt_lair_end_beastmaster, minmay_slime_entry_pillars,
          serial_bayou_shore_b, uniq_rupert
Shoals:1: uniq_josephine
Shoals:2: uniq_polyphemus
Shoals:4: shoals_end_simple, shoals_ilsuiw_alternative, serial_shops,
          nicolae_shop_behind_doors, nicolae_shoals_arrival_archipelago,
          uniq_donald
Spider:2: uniq_agnes
Spider:3: nicolae_spider_cling_ruins
Spider:4: spider_rune_water, hive_lemuel, uniq_arachne
Orc:1:    nicolae_orc_tapped_out
Orc:2:    st_orc_elflike
Elf:1:    serial_shops, nicolae_shop_stone, minmay_elf_crystal_heptagon,
          roderic_lattice_octagonal_star
Elf:2:    serial_shops, freezing_bzr
Elf:3:    minmay_elf_hall_furrowed, uniq_asterion
Vaults:1: ontoclasm_vaults_hangar, nicolae_vaults_little_squares_1,
          hangedman_vaults_hat, ontoclasm_vaults_misaligned,
          nicolae_vaults_big_ls, vaults_room_grunt_arrival_checkpoint,
          nicolae_vaults_display_case, v_misc_11, serial_shops, shop_fountains
Vaults:2: minmay_crypt_entry_simple_plaza, nicolae_vaults_hallways_thing,
          nicolae_vaults_stairing_the_circle, v_misc_29, vaults_dpeg_ring,
          vaults_standard_mumra_enter_the_diamond, v_misc_11,
          ontoclasm_vaults_spin, nicolae_vaults_mini_display_case,
          ontoclasm_vaults_decontamination, serial_shops,
          nicolae_shop_temple_entry_statues_fountains
Vaults:3: hangedman_vaults_river_flow, dpeg_vaults_waves, vaults_dpeg_doors,
          nicolae_vaults_arrows, v_alt_pattern_5, nicolae_vaults_network_square,
          vaults_room_fancy_cross, serial_ice_h, grunt_vaults_hallway_short,
          vaults_room_pool, dpeg_vaults_monster_row, nicolae_vaults_what_the_h,
          serial_shops, nicolae_shop_stone
Vaults:4: nicolae_vaults_back_hallway, v_misc_25, vaults_standard_mumra_x,
          v_rooms_1, vaults_dpeg_hooks, vaults_room_semicircle,
          nicolae_vaults_network_periphery, grunt_vaults_funnel,
          hangedman_vaults_maws
Vaults:5: serial_shops
Crypt:3:  grunt_crypt_end_deaths_head
Depths:1: hell_entry, kb_rosetta, minmay_shop_grove, serial_bayou_shore_b,
          kennysheep_random_hallway
Depths:2: cheibrodos_cascadia, abyss_entry_small_statue_room,
          grunt_hell_entry_dis_mu, serial_shops, bzr_entry_water,
          basic_stair_grate_trap
Depths:3: grunt_runaround, pan_entry, abyss_entry, hell_entry
Depths:4: constructs_gauntlet_mu_hangedman, serial_sigils,
          serial_sigils_hangedman_carve, serial_sigils_hangedman_etch,
          serial_sigils_hangedman_gut, serial_sigils_hangedman_stare,
          serial_sigils_hangedman_shear, serial_sigils_hangedman_scratch,
          pf_hell_entry_great_geh, nicolae_abyss_entry_one_way_or_another
Depths:5: grunt_zot_entry_gee_three, lightli_too_deep, basic_altar,
          special_room, eino_small_chamber_without_monster
Abyss:4:  hangedman_abyss_lost_library, grunt_abyss_rune_wretched_hive
Zig:5:    ziggurat_pillar_centre_oklobs
Zig:8:    ziggurat_pillar_centre_smoke
Zig:10:   ziggurat_pillar_centre_dead_trees
Bazaar:   bazaar_jpeg_hexagon, bazaar_kb_twisted_cavern

Skill      XL: |  1  2  3  4  5  6  7  8  9 10 11 12 13 14 15 16 17 18 19 20 21 22 23 24 25 26 27 |
---------------+----------------------------------------------------------------------------------+-----
Maces & Flails | 4 5 7 8 10 12 13 | 13.1
Fighting       | 4 5 6 8 10 11 12 13 14 15 17 18 19 21 22 | 22.2
Armour         | 3 6 8 9 10 11 12 13 14 15 16 17 18 19 21 22 | 22.4
Dodging        | 3 4 6 8 9 10 11 12 13 14 15 16 19 22 | 22.0
Evocations     | 8 10 14 15 | 15.4
Shields        | 4 13 17 18 19 20 | 20.1

Action                   |  1- 3 |  4- 6 |  7- 9 | 10-12 | 13-15 | 16-18 | 19-21 | 22-24 | 25-27 || total
-------------------------+-------+-------+-------+-------+-------+-------+-------+-------+-------++-------
Melee: Mace              |   109 |   104 |   367 |       |       |       |       |       |       ||   580
       Flail             |       |       |   136 |   351 |       |       |       |       |       ||   487
       Dire flail        |       |       |       |   275 |       |       |       |       |       ||   275
       Demon whip        |       |       |       |   207 |  1501 |  2296 |  1840 |  2739 |  2922 || 11505
       Great mace        |       |       |       |       |    62 |       |       |       |       ||    62
       Eveningstar       |       |       |       |       |       |       |       |   158 |       ||   158
Invok: Berserk           |     2 |     3 |     9 |    12 |    11 |     6 |     9 |     3 |     5 ||    60
       Trog's Hand       |       |     1 |       |       |     5 |     3 |     5 |     1 |    14 ||    29
       Burn Spellbooks   |       |       |       |     3 |     1 |     5 |     9 |     3 |     8 ||    29
       Brothers in Arms  |       |       |       |     1 |     4 |     5 |     8 |     1 |       ||    19
 Abil: Fly               |       |       |       |       |     1 |       |       |       |       ||     1
       Evoke Invisibilit |       |       |       |       |       |       |       |       |     9 ||     9
Evoke: Wand              |       |       |       |     1 |     4 |     8 |     4 |     2 |       ||    19
       Lightning rod     |       |       |       |       |       |     8 |     2 |     2 |     3 ||    15
       Lamp of fire      |       |       |       |       |       |     2 |     2 |     2 |     3 ||     9
       Phial of floods   |       |       |       |       |       |       |     1 |       |     1 ||     2
       Box of beasts     |       |       |       |       |       |       |     1 |       |     2 ||     3
  Use: Scroll            |       |     9 |     6 |    16 |    18 |    11 |    22 |     6 |    25 ||   113
       Potion            |       |       |       |     1 |       |       |     6 |     4 |     6 ||    17
 Stab: Distracted        |       |       |     1 |       |       |       |       |       |     1 ||     2
       Sleeping          |       |       |       |       |     8 |       |       |       |       ||     8
       Petrified         |       |       |       |       |       |     7 |       |       |       ||     7
       Invisible         |       |       |       |       |       |       |       |       |    46 ||    46
  Eat: Chunk             |     5 |     7 |    22 |    30 |    39 |    37 |    40 |    31 |    20 ||   231
       Fruit             |       |       |     2 |       |       |     7 |     5 |       |    14 ||    28
       Bread ration      |       |       |     1 |       |     1 |     1 |       |     2 |     5 ||    10
       Royal jelly       |       |       |     1 |       |       |       |       |       |       ||     1
Armor: Animal skin       |    22 |       |       |       |       |       |       |       |       ||    22
       Quicksilver drago |    46 |    51 |   340 |   336 |   734 |   959 |    29 |       |       ||  2495
       Plate armour      |       |       |       |    49 |       |       |   607 |       |       ||   656
       Gold dragon scale |       |       |       |       |       |       |       |  1107 |   818 ||  1925
Dodge: Dodged            |   101 |    56 |   396 |   420 |   827 |  1048 |   459 |   796 |   896 ||  4999
Block: Shield            |       |       |       |       |    58 |  1442 |   968 |  1870 |  2145 ||  6483
       Reflection        |       |       |       |       |       |    45 |   101 |    99 |    70 ||   315
